cohdb
Replays
Latest Replays
All Replays
Popular Replays
Top Player Replays
Match Explorer
How It Works
Community
CoH3 Stats
Reddit
Sign in to upload your games and track your stats! →
Sign in with Steam
Match 37982671
Unlisted
Match 37982671
Overview
Messages
Build Orders
End
Selects Air and Sea Battlegroup
Construct Section Command Post
Vickers Machine Gun Team
Infantry Section
Infantry Section
Infantry Section
Construct Platoon Command Post
Humber Armored Car
CMP 15cwt Truck
Infantry Training
Selects Commando Section Paradrop
Selects M1 Pack Howitzer Paradrop
M1 Pack Howitzer Paradrop
SneaKerz
gb_gbg
el televisoro
johny.super.noob
0
0
Comments
sign in to comment!
No comments posted yet!